Cogmind - Beta 16 @@@ ROGUE MODE // 2026.01.20 @ 19:57:30 Player: tritri Result: Destroyed by D-53 Grenadier with Mini Grenade Launcher Performance ------------- Evolutions (0) 0 Regions Visited (4) 800 Robots Destroyed (19) 95 Value Destroyed (398) 398 Prototype IDs (25) 500 Alien Tech Used (0) 0 Bonus (325) 325 TOTAL SCORE: 2118 Bonus ------- Follower Combat Kills 25 Aligned with FarCom 300 Cogmind --------- Core Integrity 0/250 Matter 294/300 Energy 125/125 System Corruption 0% Temperature Cool (0) Movement Core (100) Ox1 Location -9/Mines Parts ------- > --- POWER (1) -------- Light Ion Engine > --- PROPULSION (2) --- (None) > --- UTILITY (2) ------ Signal Interpreter > --- WEAPON (2) ------- Longsword +1 > --- INVENTORY (5) ---- Flight Unit Flight Unit Compact Matter Pod (150) Grenade Launcher Hammer Peak State ------------ > --- POWER ------------ Light Ion Engine > --- PROPULSION ------- Flight Unit Flight Unit > --- UTILITY ---------- Small Storage Unit Signal Interpreter > --- WEAPON ----------- Longsword +1 > --- INVENTORY -------- Flight Unit Flight Unit Compact Matter Pod Propulsion Shielding Grenade Launcher Hammer [Rating: 13] Favorites ----------- Power Ion Engine Engine Ion Engine Propulsion Light Treads Treads Light Treads Flight Unit Flight Unit Utility Small Storage Unit Storage Small Storage Unit Processor Signal Interpreter Weapon Light Assault Rifle Energy Gun Medium Laser Ballistic Gun Light Assault Rifle Impact Weapon Hammer Slashing Weapon Longsword +1 Build | -11 -10 -10 -10 -9 ------- Run | Yrd Mat Min Exi Min Slots Evolved . | . . . . . Power . | . . . . . Propulsion . | . . . . . Utility . | . . . . . Weapon . | . . . . . Parts Attached 13 | 6 2 4 1 . Power 3 | 1 . 2 . . Engine 3 | 1 . 2 . . Core . | . . . . . Reactor . | . . . . . Propulsion 4 | 2 . 2 . . Treads 2 | 2 . . . . Leg . | . . . . . Wheel . | . . . . . Hover . | . . . . . Flight 2 | . . 2 . . Utility 2 | 1 1 . . . Device . | . . . . . Storage 1 | 1 . . . . Processor 1 | . 1 . . . Hackware . | . . . . . Protection . | . . . . . Artifact . | . . . . . Weapon 4 | 2 1 . 1 . Energy Gun 1 | 1 . . . . Energy Cannon . | . . . . . Ballistic Gun 1 | 1 . . . . Ballistic Cannon . | . . . . . Launcher . | . . . . . Special Weapon . | . . . . . Impact Weapon 1 | . 1 . . . Slashing Weapon 1 | . . . 1 . Piercing Weapon . | . . . . . Special Melee Weapon . | . . . . . Unidentified Prototypes . | . . . . . Parts Lost 7 | . 1 4 . 2 Power 1 | . . 1 . . Propulsion 4 | . 1 1 . 2 Utility . | . . . . . Weapon 2 | . . 2 . . Highest Loss Streak 2 | . 1 2 . 2 To Critical Strikes . | . . . . . Average Backups 5 | . 4 7 5 5 Power . | . 1 . . . Propulsion 2 | . 2 3 2 2 Utility . | . . 1 1 1 Weapon 1 | . 1 1 1 2 Tool/Special . | . . . . . Unused Backups 6 | . 1 . 1 4 Power . | . . . . . Propulsion 3 | . 1 . . 2 Utility 2 | . . . 1 1 Weapon 1 | . . . . 1 Tool/Special . | . . . . . Average Slot Usage (%) 85 | . 93 76 74 71 Engine 12 | . 14 9 14 14 Treads 15 | . 21 8 . . Flight 3 | . . 4 28 28 Storage 13 | . 14 14 10 . Processor 13 | . 13 14 14 14 Energy Gun 5 | . 6 5 . . Ballistic Gun 9 | . 14 5 . . Impact Weapon 9 | . 7 14 1 . Peak Build Rating 13 | 6 7 7 13 12 Average Rating 6 | 4 6 5 8 11 On Entrance 6 | . 6 6 6 12 Avg Prop Armor Cover (%) . | . . . . . Naked Turns . | . . . . . Heaviest Build 13 | 13 13 13 11 6 Greatest Support 40 | 40 40 20 8 8 Greatest Overweight (x) 2 | . . 2 1 1 Average Overweight (x) . | . . . . . Largest Inventory Capacity 8 | 8 8 8 8 5 Average Capacity 7 | 7 8 8 7 5 Most Carried 8 | 1 8 8 6 5 Average Carried 5 | . 4 7 5 5 Final Capacity 8 | 8 8 8 5 5 Final Carried 8 | 1 8 5 5 5 Class Distribution -------------------- 100% | Mutant Dominant Class ---------------- Mutant | -10/Materials Mutant | -10/Mines Mutant | -10/Exiles Mutant | -9/Mines Resources | -11 -10 -10 -10 -9 ----------- Run | Yrd Mat Min Exi Min Matter Collected 358 | 230 75 49 . 4 Remotely . | . . . . . Salvage Created 479 | . 293 172 . 14 Parts 31 | . 15 16 . . Haulers Intercepted . | . . . . . Recyclers Shooed . | . . . . . Parts Field Recycled . | . . . . . Retrieved Matter . | . . . . . Parts Self-Destructed . | . . . . . Prevented . | . . . . . Parts Restored . | . . . . . Kills | -11 -10 -10 -10 -9 ------- Run | Yrd Mat Min Exi Min Combat Hostiles Destroyed 18 | . 9 8 . 1 Melee 3 | . 1 1 . 1 Guns 14 | . 8 6 . . AOE 1 | . . 1 . . Classes Destroyed 4 | . 3 . . 1 Watcher 2 | . 2 . . . Swarmer 11 | . 5 6 . . Grunt 6 | . 4 2 . . Assembled 1 | . . . . 1 Best Kill Streak 3 | . 3 3 . 1 Combat Bots Only 3 | . 3 3 . 1 Max Kills in Single Turn 2 | . 2 1 . 1 Gunslinging 1 | . 1 . . . Exploded 1 | . . 1 . . Melee 1 | . 1 1 . 1 Uniques/NPCs Destroyed . | . . . . . Combat | -11 -10 -10 -10 -9 -------- Run | Yrd Mat Min Exi Min Hostile Shots Fired 130 | . 65 59 . 6 Missed 38 | . 19 16 . 3 Hits 92 | . 46 43 . 3 Projectile 92 | . 46 43 . 3 AOE 4 | . . . . 4 Damage Taken 1046 | . 459 419 . 168 Core 290 | . 95 120 . 75 Absorbed by Shields . | . . . . . Core Remaining (%) 100 | 100 . . . . Volleys Fired 54 | . 27 27 . . Largest 2 | . 2 1 . . Hottest 70 | . 70 50 . . Shots Fired 67 | . 40 27 . . Gun 67 | . 40 27 . . Cannon . | . . . . . Launcher . | . . . . . Special . | . . . . . Kinetic 40 | . 27 13 . . Thermal 27 | . 13 14 . . Explosive . | . . . . . Electromagnetic . | . . . . . Robot Hit Streak 12 | . 9 12 . . Robot Miss Streak 2 | . 2 2 . . Penetration Max . | . . . . . Secondary Targets 1 | . 1 . . . Max Gunslinging Chain 1 | . 1 . . . Shots Hit Robots 55 | . 28 25 . 2 Core Hits 26 | . 15 10 . 1 Critical Kills 1 | . 1 . . . Critical Parts Destroyed 2 | . 1 1 . . Critical Strikes 6 | . 5 1 . . Burn 3 | . 3 . . . Destroy 2 | . 1 1 . . Smash 1 | . 1 . . . Melee Attacks 14 | . 4 7 . 3 Impact 11 | . 4 7 . . Slashing 3 | . . . . 3 Piercing . | . . . . . Sneak Attacks . | . . . . . Combat Hostiles . | . . . . . Follow-up Attacks . | . . . . . Damage Inflicted 812 | . 364 313 . 135 Guns 503 | . 269 234 . . Cannons . | . . . . . Explosions . | . . . . . Melee 301 | . 87 79 . 135 Ramming 8 | . 8 . . . Kinetic 202 | . 133 69 . . Thermal 301 | . 136 165 . . Explosive . | . . . . . Electromagnetic . | . . . . . Impact 166 | . 87 79 . . Slashing 135 | . . . . 135 Piercing . | . . . . . Highest Corruption . | . . . . . Average Corruption . | . . . . . Corruption Purged . | . . . . . Corruption Blocked . | . . . . . Overload Shots . | . . . . . Overflow Damage 47 | . 29 . . 18 Projectiles . | . . . . . Explosions . | . . . . . Melee 47 | . 29 . . 18 Knockbacks 1 | . 1 . . . Impact 1 | . 1 . . . Kinetic . | . . . . . Secondary . | . . . . . Self-Inflicted Damage . | . . . . . Shots . | . . . . . Rammed 1 | . 1 . . . Targets Rammed 1 | . 1 . . . Kicked . | . . . . . Crushed . | . . . . . Highest Temperature 168 | . 168 60 . 8 Average Temperature 50 | . 61 34 . 8 Received Heat Transfer 257 | . 150 87 . 20 Siege Activations . | . . . . . Martial Activations . | . . . . . Shielding Activations . | . . . . . Robots Disrupted . | . . . . . Combat Hostiles . | . . . . . Robots Corrupted 1 | . 1 . . . Combat Hostiles . | . . . . . Parts Fried . | . . . . . Impact Corruptions 2 | . 2 . . . Robots Melted . | . . . . . Combat Hostiles . | . . . . . Parts Melted 4 | . 3 1 . . Heat Transferred 1110 | . 629 481 . . Parts Sabotaged . | . . . . . Parts Stolen . | . . . . . Parts Stripped . | . . . . . Power Chain Reactions . | . . . . . Alert | -11 -10 -10 -10 -9 ------- Run | Yrd Mat Min Exi Min Maximum Alert Level . | . . . . . Low Security (%) 100 | 100 100 100 . 100 Level 1 . | . . . . . Level 2 . | . . . . . Level 3 . | . . . . . Level 4 . | . . . . . Level 5 . | . . . . . High Security . | . . . . . Max Security . | . . . . . Peak Influence 81 | . 81 75 . . Initial 28 | . . 28 . . Average 16 | . 11 26 . . Influence Increases 557 | . 261 296 . . Destroy 0b10 Robot/C 360 | . 180 180 . . Destroy 0b10 Robot/NC 10 | . 10 . . . Destroy Leader 84 | . 44 40 . . Allied During Kill 1 | . . 1 . . Successful Hack 12 | . 12 . . . Partial Spotted 15 | . . 15 . . Lose Combat Pursuer 75 | . 15 60 . . Influence Decreases 557 | . 188 342 27 . Entered New Map 72 | . . 45 27 . Time Decay 431 | . 188 243 . . Lost Part 34 | . . 34 . . Lost Ally 20 | . . 20 . . Squads Dispatched . | . . . . . Investigation . | . . . . . Extermination . | . . . . . Reinforcement . | . . . . . Assault . | . . . . . Garrison . | . . . . . Intercept . | . . . . . Searches Triggered . | . . . . . Construction Impeded . | . . . . . Haulers Reinforced . | . . . . . Active Scanning Responses . | . . . . . Cargo Convoy Interrupts . | . . . . . Stealth | -11 -10 -10 -10 -9 --------- Run | Yrd Mat Min Exi Min Distress Signals 1 | . 1 . . . Communications Jammed . | . . . . . Distress Signals . | . . . . . Times Spotted 54 | . 19 14 . 21 Peak Tracking Total 20 | . 5 3 . 20 Tactical Retreats 5 | . 1 3 . 1 Traps | -11 -10 -10 -10 -9 ------- Run | Yrd Mat Min Exi Min Traps Triggered . | . . . . . Indirectly . | . . . . . Trap Hack Attempts . | . . . . . Triggered . | . . . . . Disarmed . | . . . . . Reprogrammed . | . . . . . Reused . | . . . . . Traps Extracted . | . . . . . Installed . | . . . . . Triggered . | . . . . . Machines | -11 -10 -10 -10 -9 ---------- Run | Yrd Mat Min Exi Min Machines Disabled . | . . . . . Max in Single Turn . | . . . . . Machines Repaired . | . . . . . Machines Dismantled . | . . . . . Machines Sabotaged . | . . . . . Overloaded Fab Kills . | . . . . . Hacking | -11 -10 -10 -10 -9 --------- Run | Yrd Mat Min Exi Min Machines Accessed 5 | . 3 . 2 . Terminals 3 | . 3 . . . Fabricators . | . . . . . Repair Stations . | . . . . . Recycling Units . | . . . . . Scanalyzers . | . . . . . Garrison Access . | . . . . . Total Hacks 10 | . 6 . 4 . Successful 7 | . 3 . 4 . Failed 3 | . 3 . . . Catastrophic . | . . . . . Database Lockouts . | . . . . . Manual 1 | . . . 1 . Terminals 6 | . 6 . . . Fabricators . | . . . . . Repair Stations . | . . . . . Recycling Units . | . . . . . Scanalyzers . | . . . . . Garrison Access . | . . . . . Terminal Hacks 7 | . 3 . 4 . Record 3 | . . . 3 . Robot Analysis 1 | . 1 . . . Prototype ID Bank 1 | . 1 . . . Branch Access Points 1 | . 1 . . . Proto ID Catalog 1 | . . . 1 . Fabricator Hacks . | . . . . . Repair Station Hacks . | . . . . . Recycling Unit Hacks . | . . . . . Scanalyzer . | . . . . . Garrison Access Hacks . | . . . . . Unauthorized Hacks . | . . . . . Terminals . | . . . . . Fabricators . | . . . . . Repair Stations . | . . . . . Recycling Units . | . . . . . Scanalyzers . | . . . . . Garrison Access . | . . . . . Data Cores Recovered . | . . . . . Used . | . . . . . Hacking Detections 3 | . 3 . . . Full Trace Events . | . . . . . Feedback Events . | . . . . . Feedback Blocked . | . . . . . Robot Schematics Acquired . | . . . . . Robots Built . | . . . . . Authchips . | . . . . . Time . | . . . . . Total Robot Build Rating . | . . . . . Part Schematics Acquired . | . . . . . Parts Built . | . . . . . Authchips . | . . . . . Time . | . . . . . Total Part Build Rating . | . . . . . Part Studies Acquired . | . . . . . Parts Repaired . | . . . . . Time . | . . . . . Parts Recycled . | . . . . . Recycled Matter . | . . . . . Retrieved Matter . | . . . . . Retrieved Components . | . . . . . Parts Scanalyzed . | . . . . . Part Schematics Acquired . | . . . . . Parts Damaged . | . . . . . Bothacking | -11 -10 -10 -10 -9 ------------ Run | Yrd Mat Min Exi Min Used RIF Installer . | . . . . . Robots Hacked . | . . . . . Non-combat . | . . . . . Combat . | . . . . . Robot Hacks Applied . | . . . . . Relay Couplers Released . | . . . . . Fabnet Peak Effective % . | . . . . . Robots Rewired . | . . . . . Allies Hacked . | . . . . . Hacks Repelled . | . . . . . Allies | -11 -10 -10 -10 -9 -------- Run | Yrd Mat Min Exi Min Total Allies 3 | . . 3 . . Largest Group 2 | . . 2 . . Highest-Rated Group 49 | . . 49 . . Highest-Rated Ally 31 | . . 31 . . Total Orders . | . . . . . Ally Attacks 4 | . . 4 . . Total Damage 83 | . . 83 . . Kills 1 | . . 1 . . Allies Corrupted . | . . . . . Allies Melted . | . . . . . Intel | -11 -10 -10 -10 -9 ------- Run | Yrd Mat Min Exi Min Active Infowar (turns) . | . . . . . Robot Analysis Total 1 | . 1 . . . Derelict Logs Recovered 1 | . . 1 . . Drone Launches . | . . . . . Drone Recoveries . | . . . . . Exploration | -11 -10 -10 -10 -9 ------------- Run | Yrd Mat Min Exi Min Turns Passed 2318 | 127 1255 796 113 27 Spaces Moved 1790 | 75 717 673 271 54 Core 109 | 2 . 106 . 1 Treads 1048 | 73 717 258 . . Legs . | . . . . . Wheels . | . . . . . Hover . | . . . . . Flight 633 | . . 309 271 53 Fastest Speed 37 | 50 160 37 37 37 Average Speed 118 | 157 160 106 40 38 Slowest Speed 160 | 160 160 160 117 100 Overloaded Moves . | . . . . . Propulsion Burnouts . | . . . . . Robots Hopped . | . . . . . Potential Cave-ins . | . . . . . Cave-ins Triggered . | . . . . . Exploration Rate (%) 47 | 6 78 81 62 8 Regions Visited 4 Branch Regions 3 Pre-discovered Areas 2 | . . 1 1 . Known Exits Taken 3 | . 1 1 1 . Unknown Exits Taken 1 | 1 . . . . Scrap Searched . | . . . . . Spaces Dug . | . . . . . Terrain Destroyed . | . . . . . Melee . | . . . . . Projectile . | . . . . . AOE . | . . . . . Terrain Rammed . | . . . . . Walls Destroyed . | . . . . . Machines Disabled . | . . . . . Actions | -11 -10 -10 -10 -9 --------- Run | Yrd Mat Min Exi Min Total 1909 | 81 783 715 273 57 Wait 26 | . 24 2 . . Move 1786 | 74 716 672 270 54 Hop . | . . . . . Pick Up 10 | 1 8 1 . . Fast Attach 8 | 6 1 . 1 . Attach 4 | . . 4 . . Detach 1 | . . . 1 . Swap 2 | . 1 1 . . Drop 3 | . 1 1 1 . Fire 54 | . 27 27 . . Melee 14 | . 4 7 . 3 Ram . | . . . . . Kick . | . . . . . Crush 1 | . 1 . . . Escape Stasis . | . . . . . Rewire . | . . . . . Trap . | . . . . . Miscellaneous . | . . . . . Route ------- -11/Scrapyard -10/Materials (discovered 4 exits: [*Mat x2] / *Min / [*Sub]) -10/Mines (discovered 2 exits: [*Mat] / *Exi) -10/Exiles -9/Mines History --------- Turn | Location | Event 18 | -11/Scrapyard | Discovered new exit (range 16) 128 | -11/Scrapyard | Entered Materials 156 | -10/Materials | Discovered new exit (range 16) 302 | -10/Materials | Build established: Mutant 583 | -10/Materials | Discovered new exit (range 12) 631 | -10/Materials | Identified exit to Mines 663 | -10/Materials | Discovered new exit (range 5) 1131 | -10/Materials | Discovered new exit (range 4) 1383 | -10/Materials | Entered Mines 1491 | -10/Mines | Learned location of Storage (-7) 1568 | -10/Mines | Core integrity fell below 50% 1740 | -10/Mines | Received a Mining Laser from a helpful Derelict 2033 | -10/Mines | Core integrity fell below 20% 2153 | -10/Mines | Discovered new exit (range 5) 2173 | -10/Mines | Deemed a non-threat by the Exiles lab entrance 2174 | -10/Mines | Discovered new exit (range 5) 2178 | -10/Mines | Identified exit to Exiles 2179 | -10/Mines | Entered Exiles 2191 | -10/Exiles | Met 8R-AWN 2196 | -10/Exiles | Met EX-HEX 2210 | -10/Exiles | Met EX-DEC 2216 | -10/Exiles | Learned location of Zion (-7) 2226 | -10/Exiles | Met EX-BIN 2230 | -10/Exiles | Aligned with FarCom system 2231 | -10/Exiles | Given EX-Vault access code 2240 | -10/Exiles | Opened EX-Vault 2245 | -10/Exiles | Found Longsword +1 2265 | -10/Exiles | Warned to stay clear of 0b10 Research branches 2287 | -10/Exiles | Discovered new exit (range 14) 2292 | -10/Exiles | Identified exit to Mines 2292 | -10/Exiles | Left Exiles lab with Longsword +1 2292 | -10/Exiles | Entered Mines 2293 | -9/Mines | Assembled infested the area 2298 | -9/Mines | Assisted by a Guerilla fighting off Assembled 2319 | -9/Mines | Destroyed by D-53 Grenadier with Mini Grenade Launcher Last Messages --------------- 02307_ K-01 Serf collects debris. 02309_ C-45 Heavy ARC bursts open, deploying its payload. 02309_ D-53 Grenadier unfolds itself. 02309_ Core Extractor disabled. 02309_ K-01 Serf destroyed. 02309_ HV Slug penetrates Wall. 02310_ The unstable cave ceiling collapses. 02310_ K-01 Serf collects debris. 02311_ as-03468 destroyed. 02311_ Y9-XNF(h) destroyed. 02313_ K-01 Serf collects debris. 02315_ Destroyed Asb. Hover Unit. 02315_ as-63849 destroyed. 02315_ as-51276 destroyed. 02315_ as-85730 destroyed. 02315_ K-01 Serf destroyed. 02317_ Acquired 4 matter. 02318_ Flight Unit destroyed. 02318_ as-86810 destroyed. Map ----- +----------------------------------------------------+ | | | | | | | | | | | | | | | ?????????????????????????????????????????????????? | | ?????????????????????????????????????????????????? | | ?????????????????????????????????????????????????? | | ?????????????????????????????????????????????????? | | ?????????????????????????????????????????????????? | | ?????????????????????????????????????????????????? | | ??????????????????????????######?????????????????? | | ???????????????????????#### #?????????????????? | | ??????????????????###### ##???????s?????????? | | ??????????????????#"%" #???????s?????????? | | ???????????????g??# #### ##????????????????? | | ??????????????????# #??# =% #????????????????? | | ??????????????????# #??#""= ###????????????????? | | ??????????????#g### ####"""*% #??????????????????? | | ??????????????# ## d #??????????????????? | | ??????????????####### ## =%] #??????????????????? | | ????????????????????# # ##??????????????????? | | ????????????????????# # % #??????????????????? | | ????????????????????# # @ ##??????????????????? | | ????????????????????# d #???????????????????? | | ????????????????????#### a #???????????????????? | | ???????????????????????### aaa ??????????????????? | | ????????????????????????? aaaaa????????????????? | | ????????????????????????? aa ???????????????? | | ????????????????????????## ##??????????????? | | ?????????????????????????### ##???????????????? | | ???????????????????????????? ##????????????????? | | ???????????????????????????? ##?????????????????? | | ???????????????????????????? #??????????????????? | | ???????????????????????????? #??????????????????? | | ????????????????????????????? #??????????????????? | | ????????????????????????????? #??????????????????? | | ????????????????????????????? #??????????????????? | | ??????????????????????????????#??????????????????? | | ?????????????????????????????????????????????????? | | ?????????????????????????????????????????????????? | | ?????????????????????????????????????????????????? | | ?????????????????????????????????????????????????? | | ?????????????????????????????????????????????????? | | ?????????????????????????????????????????????????? | | ?????????????????????????????????????????????????? | | ?????????????????????????????????????????????????? | | ?????????????????????????????????????????????????? | +----------------------------------------------------+ Best States ------------- Heat Dissipation 25 Energy Generation 10 Energy Capacity 250 Matter Stores 300 Matter Capacity 300 Sight Range 16 Terrain Scan Density 10 Evasion (%) 62 Recoil Reduction 2 Item Schematics ----------------- None Robot Schematics ------------------ None Fabricated ------------ Nothing Repaired ---------- Nothing Studied --------- None Alien Tech Used ----------------- None Achievements -------------- None Challenges ------------ None Game ------ Seed AssemblyZipBiocell Manual? 0 Play Time 00:22:06 Cumulative 6.6 hours Start 2026.01.20 @ 19:13:59 End 2026.01.20 @ 19:57:30 Sessions 1 Manual Loads 0 Difficulty Rogue Special Mode None Game No. 13 Rogue 13 Adventurer 0 Explorer 0 Win Type - Total 0 Types 0/0/0/0/0/0/0/0/0/0 Lore% 7 Gallery% 8 Achievement% 14 Wizard Run 0 Options --------- Layout 1 ASCII 0 Keyboard 1 Movement Vi Keybinds 0 Fullscreen 1 Font 24/Smallcaps Map View 50x35 Zoom Use 0% Tactical HUD 1 Map Filters NONE Filters NONE Steam 1 RUN: 8de78997-3d81-4eef-8ee8-7c55eddee423